 Dungeon Crawl Stone Soup version 0.28.0-62-gf88900778d (webtiles) character file.

Game seed: 9415553980643824495

98 cbfl8 the Skirmisher (level 4, -12/41 HPs)
             Began as a Minotaur Fighter on Mar 10, 2024.
             Mangled by an ogre
             ... wielding a +0 giant spiked club
              (17 damage)
             ... on level 2 of the Dungeon.
             The game lasted 00:03:13 (2901 turns).

cbfl8 the Skirmisher (Minotaur Fighter)             Turns: 2901, Time: 00:03:14

Health: -12/41     AC: 13    Str: 20    XL:     4   Next: 43%
Magic:  3/3        EV:  5    Int:  5    God:
Gold:   54         SH:  5    Dex: 12    Spells: 3/3 levels left

rFire   . . .      SeeInvis .   a - +0 war axe
rCold   . . .      Faith    .   c - +0 buckler
rNeg    . . .      Spirit   .   o - +0 plate armour
rPois   .          Reflect  .   (helmet restricted)
rElec   .          Harm     .   (no cloak)
rCorr   +          Rampage  .   g - +0 pair of gloves
Will    .....                   (no boots)
Stlth   ..........              (no amulet)
HPRegen 0.13/turn               m - ring of resist corrosion
MPRegen 0.08/turn               (no ring)

@: no status effects
A: horns 2, retaliatory headbutt
a: no special abilities


You were on level 2 of the Dungeon.
You visited 1 branch of the dungeon, and saw 4 of its levels.

You collected 144 gold pieces.
You spent 90 gold pieces at shops.

Inventory:

Hand Weapons
 a - a +0 war axe (weapon)
Armour
 c - a +0 buckler (worn)
 g - a +0 pair of gloves (worn)
 o - a +0 plate armour (worn)
Jewellery
 m - a ring of resist corrosion (left hand)
Scrolls
 b - a scroll of identify {unknown}
 e - a scroll of teleportation {unknown}
 h - a scroll of immolation {unknown}
 l - a scroll of blinking {unknown}
 n - a scroll of magic mapping {unknown}
Potions
 d - 4 potions of might
 f - 4 potions of curing
 i - a potion of brilliance {unknown}
 j - 2 potions of magic {unknown}
 k - 2 potions of heal wounds {unknown}


   Skills:
 + Level 4.5 Fighting
 + Level 4.0 Axes
 + Level 4.4 Armour
 + Level 0.5 Dodging
 + Level 3.8 Shields


You had 3 spell levels left.
You didn't know any spells.
Your spell library contained the following spells:

 Spells                   Type           Power      Damage    Failure   Level
 Beastly Appendage        Tmut           0%         N/A       100%        1
 Summon Small Mammal      Summ           0%         N/A       100%        1
 Wereblood                Tmut           0%         N/A       100%        2
 Call Canine Familiar     Summ           0%         N/A       100%        3
 Gell's Gravitas          Tloc           0%         N/A       100%        3
 Lesser Beckoning         Tloc           0%         N/A       100%        3
 Spider Form              Tmut/Pois      0%         N/A       100%        3
 Summon Guardian Golem    Hex/Summ       0%         N/A       100%        3
 Teleport Other           Tloc           0%         N/A       100%        3
 Cause Fear               Hex            0%         N/A       100%        4
 Dragon Form              Tmut           0%         N/A       100%        7
 Dragon's Call            Summ           0%         N/A       100%        9


Dungeon Overview and Level Annotations

Branches:
Dungeon (4/15)
 Temple: D:4-7

Altars:
Ashenzari
Makhleb
Qazlal
Wu Jian
Zin

Shops:
D:2 (


Innate Abilities, Weirdness & Mutations

You have a pair of horns on your head.
You reflexively headbutt those who attack you in melee.


Message History

A giant cockroach is nearby!
You hit the giant cockroach.
Your headbutt misses the giant cockroach.
The giant cockroach is severely wounded.
The giant cockroach bites you but does no damage.
A giant cockroach is nearby!
You slash the giant cockroach!
You kill the giant cockroach!
Your Axes skill increases to level 4!
An ogre comes into view. It is wielding a +0 giant spiked club.
The ogre shouts!
An ogre is nearby!
You hit the ogre.
The ogre is lightly wounded.
The ogre hits you with a +0 giant spiked club!!
An ogre is nearby!
You hit the ogre.
The ogre is lightly wounded.
You block the ogre's attack.
An ogre is nearby!
You hit the ogre but do no damage.
The ogre is lightly wounded.
You block the ogre's attack.
An ogre is nearby!
You completely miss the ogre. You headbutt the ogre!
The ogre is heavily wounded.
The ogre hits you with a +0 giant spiked club!!
* * * LOW HITPOINT WARNING * * *
Okay, then.
There is an escape hatch in the ceiling here.
The ogre closely misses you. A mysterious force pulls you upwards.
The hatch slams shut behind you.
There is a stone staircase leading up here.
The ogre hits you with a +0 giant spiked club.
* * * LOW HITPOINT WARNING * * *
You climb upwards.
There is a stone staircase leading down here.
There is an escape hatch in the ceiling here.
The ogre hits you with a +0 giant spiked club!
You die...

#.#.# #.# #.# ##...###.##.##
..#.###.#####.# ##.## #.##.##
.##......[.##.########.# #.##...
∩.....#.##.............# #.#####
.#..##..########.#####.# #.# #
........# #.# #.# #.# #
#....#.## #.### #.# ##.# #
#.#...## #O#.###.# #..# #
#.#..## #@...##.# #.## #
#.#..#### ##.#.#.#.###.# ###
#..>....#######.##.##...##.# #..
###..##.#...............##.# #.#
##..##.#.#####.##.##...##.####.#
#.#...................###......#
##..##...###..÷#...#### ########
#..<...........#.## #
#..............#.# #


You could see an ogre.

Vanquished Creatures
  3 adders
  2 worms (D:2)
  A dart slug (D:1)
  An orc (D:3)
  5 endoplasms
  3 giant cockroaches
  9 goblins
  10 hobgoblins
  3 quokkas
  6 ball pythons
  4 bats
  2 frilled lizards
  3 kobolds
  5 rats
  A spectral kobold (D:1)
58 creatures vanquished.

Notes
Turn   | Place    | Note
-------+----------+-------------------------------------------
     0 | D:1      | cbfl8 the Minotaur Fighter began the quest for the Orb.
     0 | D:1      | Reached XP level 1. HP: 19/19 MP: 0/0
   241 | D:1      | Reached XP level 2. HP: 27/27 MP: 1/1
   659 | D:1      | Found a faded altar of an unknown god.
   909 | D:1      | Reached XP level 3. HP: 34/34 MP: 2/2
  1059 | D:2      | Found Jimufiuz's Weapon Boutique.
  1318 | D:2      | Found an ornate altar of the Wu Jian Council.
  1596 | D:2      | Reached XP level 4. HP: 33/41 MP: 3/3
  1834 | D:3      | Found a burning altar of Makhleb.
  1928 | D:3      | Found Zin's Purification Station.
  1930 | D:3      | Found a glowing silver altar of Zin.
  1936 | D:3      | Bought a potion of curing for 90 gold pieces
  2312 | D:3      | Found a stormy altar of Qazlal.
  2312 | D:3      | Found a broken altar of Ashenzari.
  2844 | D:4      | Noticed an ogre
  2881 | D:3      | HP: 2/41 [ogre/+0 giant spiked club (6)]
  2901 | D:2      | Mangled by an ogre

Illustrated notes

Levels and vault maps discovered:
D:1:      elethiomel_arrival_infinity_welcomes_careful_drivers, layout_basic,
          dreamdust_ecumenical_altar_drowned_temple, serial_curves,
          eino_curves_03, eino_curves_02, eino_curves_04, eino_curves_03,
          dk_noncrumbling_3
D:2:      layout_loops_ring, serial_shops, nicolae_shop_crystal, basic_altar
D:3:      layout_loops_corners, bloody_makhleb,
          gammafunk_temple_overflow_elements, zin_purify
D:4:      layout_basic, mainiacjoe_overflow_two_lobes, serial_shops, shop

Skill      XL: |  1  2  3  4 |
---------------+-------------+-----
Fighting       | 4 |  4.5
Armour         | 4 |  4.4
Axes           | 3 4 |  4.0
Dodging        | |  0.5
Shields        | |  3.8

Action                   |  1- 3 |  4- 6 || total
-------------------------+-------+-------++-------
Melee: War axe           |    89 |    38 ||   127
       Headbutt          |    13 |     1 ||    14
  Use: Scroll            |       |     1 ||     1
Armor: Scale mail        |    47 |    12 ||    59
       Plate armour      |       |     7 ||     7
Dodge: Dodged            |    34 |    12 ||    46
Block: Buckler           |    17 |     7 ||    24
